 Dungeon Crawl Stone Soup version 0.21-a0-113-g6841d05 (webtiles) character file.

35 Ordine the Magician (level 3, -1/20 HPs)
             Began as a Tengu Wizard on July 12, 2017.
             Slain by an adder (3 damage)
             ... on level 2 of the Dungeon.
             The game lasted 00:02:25 (1142 turns).

Ordine the Magician (Tengu Wizard)                  Turns: 1142, Time: 00:02:27

Health: -1/20      AC:  3    Str:  7    XL:     3   Next: 33%
Magic:  0/8        EV: 12    Int: 19    God:
Gold:   45         SH:  0    Dex: 12    Spells: 5/8 levels left

rFire    . . .     SeeInvis .   l - +0 spear
rCold    . . .     Gourm    .   (no shield)
rNeg     . . .     Faith    .   a - +0 robe
rPois    .         Spirit   .   b - +0 hat
rElec    .         Reflect  .   f - +0 cloak
rCorr    .         Harm     .   (no gloves)
MR       .....                  (boots unavailable)
Stlth    ++........             (no amulet)
HPRegen  0.06/turn              (no ring)
MPRegen  0.11/turn              (no ring)

@: lethally poisoned (-1 -> -12)
A: beak, talons 3
a: no special abilities


You were on level 2 of the Dungeon.
You were not hungry.

You visited 1 branch of the dungeon, and saw 2 of its levels.

You collected 45 gold pieces.

Inventory:

Hand Weapons
 l - a +0 spear (weapon)
Armour
 a - a +0 robe (worn)
 b - a +0 hat (worn)
 f - a +0 cloak (worn)
 k - a +0 leather armour
Scrolls
 e - a scroll of teleportation
Books
 c - a book of Minor Magic

   Spells                             Type                      Level
   a - Magic Dart                     Conjuration                  1
   b - Blink                          Translocation                2
   c - Call Imp                       Summoning                    2
   d - Slow                           Hexes                        2
   e - Conjure Flame                  Conjuration/Fire             3
   f - Mephitic Cloud                 Conjuration/Poison/Air       3
Comestibles
 d - a bread ration
 i - a royal jelly
 j - 3 fruits


   Skills:
 + Level 0.4 Fighting
 + Level 0.2 Armour
 + Level 2.4 Dodging
 + Level 2.3 Stealth
 - Level 3.0 Spellcasting
 - Level 3.0 Conjurations
   Level 1.2 Summonings
 + Level 1.2 Translocations


You had 5 spell levels left.
You knew the following spells:

 Your Spells              Type           Power        Failure   Level  Hunger
a - Magic Dart            Conj           ##..         4%          1    None
b - Blink                 Tloc           N/A          14%         2    ##.....


Dungeon Overview and Level Annotations

Branches:
Dungeon (2/15)

Altars:


Innate Abilities, Weirdness & Mutations

You have a beak for a mouth.
You have claws for feet.


Message History

The adder is heavily wounded.
The adder bites you.
You are more poisoned.
The adder poisons you!
You miss the adder.
The adder is heavily wounded.
You feel sick. The adder bites you.
* * * LOW HITPOINT WARNING * * *
Casting: Magic Dart
Confirm with . or Enter, or press ? or * to list all spells.
Aiming: Magic Dart
Press: ? - help, Shift-Dir - straight line, f/p - adder
Aim: an adder (heavily wounded)
The magic dart hits the adder.
The adder is heavily wounded.
The adder bites you.
* * * LOW HITPOINT WARNING * * *
You are more poisoned.
The adder poisons you! The adder bites you.
You die...

###### #......# # #.....#
##......# # .......##
#......÷#### ........#
##.........(.
........######........####
...............###########
........###########.......
.........?..............).
.......#.@..............#.
#..[..#..S................
##......#...#######.)...##
...#......#.# #..... #
.....######.. ....### #
##... ##† .#.. # ## .. #.
# ## # .


You could see an adder.

Vanquished Creatures
  A dart slug (D:1)
  A leopard gecko (D:2)
  2 giant cockroaches (D:1)
  6 goblins
  5 hobgoblins
  3 jackals (D:1)
  2 kobolds (D:1)
  A bat (D:1)
  3 frilled lizards (D:1)
  3 rats (D:1)
27 creatures vanquished.

Notes
Turn   | Place    | Note
-------+----------+-------------------------------------------
     0 | D:1      | Ordine the Tengu Wizard began the quest for the Orb.
     0 | D:1      | Reached XP level 1. HP: 10/10 MP: 5/5
   163 | D:1      | Reached XP level 2. HP: 10/15 MP: 0/7
   246 | D:1      | Learned a level 2 spell: Blink
   683 | D:1      | Reached skill level 1 in Translocations
   829 | D:1      | Reached XP level 3. HP: 19/19 MP: 3/8
  1142 | D:2      | Slain by an adder

Vault maps used:
D:1:      moated_graveyard_arrival, minmay_misc_feat_alley, minivault_19

Skill      XL: |  1  2 |
---------------+-------+-----
Conjurations   | 2 3 |  3.0
Translocations | 1 |  1.2
Fighting       | |  0.4
Armour         | |  0.2
Dodging        | |  2.4
Stealth        | |  2.3
Spellcasting   | |  3.0
Summonings     | |  1.2

Action                   || total
-------------------------++-------
Melee: Mace              ||    15
       Kick              ||     2
       Peck              ||     3
       Spear             ||    12
 Cast: Magic Dart        ||    63
  Use: Scroll            ||     3
       Potion            ||     1
  Eat: Chunk             ||     1
Armor: Robe              ||     8
Dodge: Dodged            ||    33
